AoeStats
← Viper

MegaRandom

506560821Analyzed
2v2 RM · 19d ago on Sep 14, 2026· 49m 35s· 4 players
Game mode
Random Map
Map size
Medium (4 player)
Population
200
Speed
Normal
Resources
Standard
Victory
Conquest
Starting age
Dark Age
Ending age
Imperial Age
RankedLock teamsTeams togetherTeam positionsShared explorationLock speedFull tech treeHidden civsTurbo modeCheats
Victory
Defeat
🇦🇷 Armenians · Argentina
1035
+11
🇦🇷 Turks · Argentina
1034
+11
🇵🇪 Celts · Peru
947
-12
🇨🇳 Burgundians · China
884
-10
Lord_Mastermind
11:19 Feudal Age
11:23 Man-at-Arms
17:57 Double-Bit Axe
24:57 Castle Age
28:15 Stone Mining
28:15 Gold Mining
35:49 Imperial Age
33:55 Pikeman
37:21 Bow Saw
37:24 Halberdier
42:31 Horse Collar
42:56 Arson
43:17 Scale Mail Armor
43:22 Scale Barding Armor
43:49 Forging
45:46 Gold Mining
46:00 Heavy Plow
46:40 Chain Mail Armor
47:01 Iron Casting
46:33 Cavalier
40436350
5:09 Loom
12:46 Feudal Age
17:47 Castle Age
18:00 Pikeman
27:08 Ballistics
27:46 Double-Bit Axe
27:44 Horse Collar
28:46 Husbandry
29:08 Gold Mining
34:16 Imperial Age
32:09 Squires
35:29 Heavy Plow
35:26 Halberdier
36:29 Bow Saw
40:35 Forging
40:26 Scale Mail Armor
40:41 Arson
41:35 Conscription
44:52 Crop Rotation
45:23 Two-Man Saw
44:40 Burgundian Vineyards
46:36 Chemistry
45:12 Elite Skirmisher
47:15 Iron Casting
46:55 Chain Mail Armor
Viper
3:01 Loom
11:08 Feudal Age
11:47 Double-Bit Axe
12:50 Bloodlines
19:21 Horse Collar
23:39 Castle Age
23:18 Wheelbarrow
23:31 Scale Barding Armor
23:36 Forging
25:10 Chain Barding Armor
24:56 Husbandry
25:45 Gold Mining
25:58 Heavy Plow
26:11 Bow Saw
28:00 Hand Cart
27:53 Town Watch
31:04 Iron Casting
38:12 Imperial Age
37:31 Town Patrol
38:52 Sipahi
38:29 Fletching
38:39 Padded Archer Armor
39:31 Conscription
40:30 Parthian Tactics
40:33 Heavy Camel Rider
43:32 Heavy Cavalry Archer
44:20 Bodkin Arrow
44:41 Leather Archer Armor
45:05 Bracer
46:47 Ring Archer Armor
47:17 Blast Furnace
49:56 Two-Man Saw
49:18 Ballistics
49:09 Fortified Wall
48:54 Murder Holes
48:40 Treadmill Crane
49:10 Masonry
Snake
5:54 Loom
13:15 Feudal Age
14:51 Man-at-Arms
16:37 Long Swordsman
19:08 Forging
23:26 Castle Age
21:59 Pikeman
23:02 Scale Mail Armor
22:56 Double-Bit Axe
23:26 Gold Mining
24:20 Squires
26:17 Horse Collar
27:43 Town Watch
27:58 Gambesons
34:01 Iron Casting
34:39 Wheelbarrow
34:47 Bow Saw
35:32 Heavy Plow
35:22 Halberdier
36:25 Hand Cart
36:55 Chain Mail Armor
37:23 Stone Mining
42:21 Imperial Age
39:49 Fletching
40:36 Murder Holes
41:54 Gold Shaft Mining
41:36 Masonry
40:56 Two-Handed Swordsman
42:25 Capped Ram
45:22 Chemistry
46:59 Blast Furnace
45:31 Champion
46:28 Siege Ram
48:20 Sanctity
48:27 Conscription
48:58 Fereters
49:24 Bodkin Arrow
50:02 Plate Mail Armor
50:46 Hoardings
Connection lost

Rejoining the realm…

Still unreachable

The connection could not be restored.

Session expired

The server has moved on; the page needs a fresh start.